Map: Acid Plant LE

Players

TurtlePower - Winner!

  • Race: Zerg Zerg
  • League: Platinum
  • Spawn Location: 5:00

GunManDark

  • Race: Terran Terran
  • League: Platinum
  • Spawn Location: 11:00

VOD

Have the link to the VOD?

Description

Time

  • Played on: April 26, 2018, 11:29 p.m.
  • Length: 21:22
Show
View Real Time Build Order
Export as new Build Order

TurtlePower Zerg - Winner!

Build Orders: Pool First, Swarm Host 

Get SALT Encoding   

  12  0:00  Drone  
  13  0:13  Overlord  
  13  0:17  Drone  
  14  0:31  Drone x2  
  14  0:35  Drone  
  17  0:47  Spawning Pool  
  16  0:50  Drone  
  17  0:58  Extractor, Drone  
  17  1:17  Hatchery  
  16  1:23  Drone  
  16  1:24  Drone  
  18  1:35  Zergling x2  
  18  1:38  Queen  
  21  1:42  Zergling x2  
  22  2:08  Overlord x2  
  22  2:13  Metabolic Boost  
  22  2:22  Overlord  
  22  2:25  Queen  
  24  2:35  Drone x2  
  24  2:36  Drone  
  27  2:45  Drone x2  
  29  3:07  Queen  
  30  3:20  Drone x5  
  30  3:21  Drone  
  36  3:35  Evolution Chamber  
  36  3:36  Evolution Chamber  
  36  3:38  Zergling x10, Baneling Nest  
  38  3:44  Lair  
  38  3:52  Queen  
  40  4:02  Drone x3  
  43  4:03  Drone  
  43  4:04  Drone x2  
  46  4:10  Extractor  
  46  4:16  Overlord x2  
  45  4:25  Baneling x2  
  45  4:26  Baneling x2  
  45  4:29  Overlord x2  
  38  4:45  Zergling x4  
  38  4:46  Zergling x14  
  46  4:57  Zerg Ground Armor Level 1, Zerg Melee Weapons Level 1  
  46  5:00  Queen  
  48  5:13  Infestation Pit  
  47  5:17  Extractor x2  
  38  5:33  Zergling x8  
  38  5:34  Zergling x6  
  37  6:11  Baneling Nest  
  37  6:17  Drone x3  
  37  6:18  Drone x3  
  42  6:29  Hydralisk Den  
  41  6:35  Zergling x6  
  44  6:51  Zerg Missile Weapons Level 1  
  44  6:59  Overlord x2  
  44  7:10  Hatchery  
  43  7:24  Swarm Host x10  
  73  7:40  Queen  
  74  8:24  Queen  
  76  8:31  Drone x7  
  83  8:42  Overseer  
  83  8:55  Drone  
  84  8:56  Drone x2  
  86  9:03  Drone x3  
  86  9:04  Drone  
  90  9:17  Hydralisk  
  90  9:18  Hydralisk x2  
  96  9:25  Overlord  
  96  9:26  Overlord  
  96  9:29  Overlord  
  96  9:43  Queen  
  96  9:44  Hydralisk x4  
  106  10:01  Zergling x18  
  106  10:02  Zergling x6  
  118  10:18  Zerg Missile Weapons Level 2  
  118  10:19  Zerg Ground Armor Level 2  
  118  10:28  Hydralisk x2  
  118  10:32  Overlord x4  
  122  10:37  Overlord  
  122  11:04  Hydralisk x9  
  137  11:30  Hatchery  
  132  12:17  Infestation Pit, Grooved Spines  
  132  12:19  Centrifical Hooks  
  131  12:34  Zerg Melee Weapons Level 2  
  131  12:35  Hatchery  
  125  12:49  Zergling x22  
  125  12:50  Zergling x4  
  132  13:16  Baneling x3  
  132  13:17  Baneling x8  
  132  13:18  Overlord x2, Baneling  
  132  13:19  Overlord x6  
  119  13:46  Infestor x3  
  119  13:47  Infestor x5  
  135  13:56  Queen  
  135  14:02  Drone x6  
  143  14:03  Drone x4  
  134  14:26  Hydralisk x7  
  134  14:28  Hydralisk  
  135  14:40  Hive  
  135  14:48  Extractor  
  135  14:49  Extractor  
  135  14:51  Extractor  
  135  14:52  Extractor  
  131  14:58  Hydralisk x5  
  131  14:59  Hydralisk  
  139  15:33  Hydralisk x6, Zergling x4  
  139  15:34  Zergling x10  
  139  15:35  Zergling x8  
  118  16:08  Zergling x2  
  118  16:09  Zergling x22  
  119  16:36  Swarm Host x5  
  134  16:52  Hydralisk x2  
  138  17:15  Baneling Nest  
  137  17:16  Hatchery  
  136  17:23  Drone x3  
  136  17:25  Drone x3  
  142  17:32  Hatchery  
  141  17:54  Hydralisk x10  
  161  18:06  Spore Crawler x2  
  161  18:07  Spine Crawler  
  155  18:52  Ultralisk Cavern  
  155  18:54  Queen  
  156  18:57  Drone x2  
  156  18:58  Drone x4  
  156  18:59  Drone x2  
  156  19:01  Drone x3  
  156  19:02  Drone x3  
  170  19:10  Extractor  
  170  19:14  Extractor  
  168  19:20  Overlord x2  
  168  19:29  Drone x2  
  168  19:30  Drone x2  
  172  19:31  Drone  
  173  19:52  Ultralisk x3  
  197  19:53  Ultralisk  
  197  19:54  Zergling x6  
  185  20:22  Zergling x8  
  185  20:23  Ultralisk, Zergling x4  
  185  20:24  Zergling x4  
  195  20:45  Queen  
  197  21:10  Hatchery  
  192  21:11  Hatchery  
Show
View Real Time Build Order
Export as new Build Order

GunManDark Terran 

Build Orders: Cyclone Opening 

Get SALT Encoding   

  12  0:01  SCV  
  13  0:13  SCV  
  14  0:19  Supply Depot  
  14  0:25  SCV  
  15  0:30  Refinery  
  15  0:40  SCV  
  16  0:48  Barracks  
  16  0:52  SCV  
  17  1:04  SCV  
  18  1:15  Refinery  
  18  1:17  SCV  
  19  1:29  SCV  
  20  1:36  Supply Depot  
  20  1:49  Factory  
  20  1:50  SCV  
  21  1:57  Barracks Reactor  
  21  2:06  SCV  
  21  2:19  SCV  
  21  2:22  Supply Depot  
  22  2:33  SCV  
  23  2:42  Armory  
  23  2:44  Cyclone  
  23  2:45  Cyclone  
  23  2:48  Marine  
  30  2:53  Orbital Command  
  30  3:02  Orbital Command  
  30  3:07  Marine  
  33  3:20  Hellion x2  
  35  3:32  Supply Depot  
  35  3:34  Marine  
  36  3:48  Starport  
  36  3:58  SCV  
  37  4:10  SCV  
  38  4:26  Medivac  
  38  4:31  Hellion x2  
  39  5:03  Starport Reactor  
  39  5:04  Command Center  
  39  5:05  Barracks Tech Lab  
  39  5:10  Barracks  
  39  5:22  Cyclone  
  39  5:24  Marine  
  38  5:53  Hellion  
  38  5:54  SCV  
  38  5:55  Hellion  
  36  6:06  SCV  
  36  6:09  Barracks Tech Lab  
  35  6:13  Marauder  
  35  6:14  Medivac  
  35  6:18  SCV  
  40  6:27  Bunker  
  40  6:30  SCV  
  41  6:41  SCV  
  41  6:42  SCV  
  41  6:43  Siege Tank  
  41  6:46  Marine x2  
  48  6:53  SCV  
  49  6:54  SCV  
  50  7:02  Supply Depot  
  50  7:04  Marine x2  
  50  7:05  Medivac, SCV  
  50  7:06  SCV  
  56  7:17  SCV  
  57  7:23  SCV  
  57  7:25  Supply Depot  
  57  7:26  Barracks  
  57  7:27  Refinery  
  57  7:29  SCV  
  59  7:41  SCV  
  60  7:48  Supply Depot  
  60  8:01  Liberator x2  
  58  8:17  Siege Tank  
  62  8:20  Marine, Barracks Reactor  
  62  8:21  Marine  
  64  8:29  Refinery  
  64  8:33  Supply Depot  
  64  8:38  Marine  
  64  8:39  Marauder  
  64  8:40  Command Center  
  67  8:45  Orbital Command  
  67  8:49  Siege Tank  
  67  8:50  Supply Depot  
  67  8:54  Supply Depot  
  70  9:00  Marauder  
  70  9:01  Medivac x2  
  64  9:11  SCV  
  64  9:14  Liberator x2  
  65  9:20  Marine x2  
  65  9:21  Command Center  
  65  9:23  SCV  
  74  9:32  Marine  
  74  9:33  Marine x2  
  74  9:35  SCV  
  74  9:38  Marine x2  
  80  9:45  Stimpack  
  80  9:50  Marine  
  78  10:26  Medivac x2  
  82  10:37  Marine x5  
  82  10:40  SCV x2  
  89  10:43  Engineering Bay  
  89  10:46  Terran Vehicle And Ship Armor Level 1  
  89  10:47  Engineering Bay  
  89  10:52  SCV x2  
  89  10:54  Marine  
  89  10:55  Marine x4  
  89  10:56  Supply Depot  
  92  11:04  SCV  
  92  11:05  SCV  
  94  11:12  Marine x2  
  94  11:14  Medivac  
  94  11:15  Medivac  
  94  11:16  Marine x3, SCV  
  104  11:28  Supply Depot  
  104  11:29  Terran Infantry Weapons Level 1  
  104  11:30  Marine x2  
  104  11:31  Terran Infantry Armor Level 1  
  106  11:33  Marine  
  106  11:34  Marine  
  107  11:46  Combat Shields  
  93  11:59  SCV  
  93  12:00  SCV  
  91  12:01  SCV  
  88  12:11  SCV  
  88  12:12  SCV  
  89  12:17  Barracks  
  88  12:23  SCV  
  88  12:24  SCV  
  90  12:35  SCV  
  90  12:36  SCV  
  83  12:47  SCV  
  82  13:05  Concussive Shells  
  75  13:17  Command Center  
  73  13:35  Marine x5  
  78  13:47  SCV  
  76  13:53  Marine x5  
  81  13:59  SCV  
  82  14:08  Barracks Tech Lab  
  81  14:10  Marine  
  81  14:11  Marine x3, SCV  
  81  14:12  Marauder  
  88  14:23  SCV  
  81  14:28  Marine  
  81  14:29  Marine  
  83  14:33  Marauder  
  83  14:36  SCV  
  84  14:47  Siege Tank  
  84  14:48  Medivac  
  91  14:52  Marine  
  91  14:53  Marauder, Marine x3  
  91  14:54  Marauder  
  91  14:56  Planetary Fortress  
  95  15:10  Marine  
  95  15:11  Marine  
  95  15:14  Marauder  
  95  15:16  Marauder  
  94  15:35  Marauder  
  72  16:17  Orbital Command  
  32  17:00  Marine x5  
  35  17:11  Medivac x2  
  35  17:12  Siege Tank  
  42  17:17  Marauder  
  42  17:18  Marine x5  
  49  17:35  Marine  
  49  17:36  Marine x4  
  54  17:38  Marauder  
  56  17:45  Siege Tank  
  57  17:53  Marine  
  57  17:54  Marine x4  
  62  18:00  Marauder  
  62  18:03  Missile Turret  
  64  18:11  Marine  
  64  18:12  Marine x2  
  67  18:21  Marauder  
  68  18:43  Marauder  
  63  19:25  SCV  
  63  19:27  SCV  
  65  19:38  SCV  
  66  19:39  SCV  
  63  19:50  SCV  
  63  19:51  SCV  
  65  19:55  Marine  
  65  19:56  Marine x5  
  70  20:02  SCV  
  70  20:03  SCV  
  65  20:14  SCV  
  65  20:15  SCV  
  38  21:04  Marine  
Tags
 
Add a new tag
Caveats
  • Supply blocks, unpowered buildings, or Contaminate may cause inaccurate times.
  • Supply counts are checked every 10 seconds.